 Dungeon Crawl Stone Soup version 0.23.1-37-gaa34b87b72 (webtiles) character file.

Game seed: 3208100407507851266

14 Jukra the Caller (level 2, 0/15 HPs)
             Began as a Deep Elf Summoner on Mar 23, 2019.
             Succumbed to an adder's poison
             ... on level 2 of the Dungeon.
             The game lasted 00:03:48 (685 turns).

Jukra the Caller (Deep Elf Summoner)                 Turns: 685, Time: 00:03:49

Health: 0/15       AC:  4    Str:  5    XL:     2   Next: 31%
Magic:  7/8        EV: 12    Int: 19    God:
Gold:   65         SH:  0    Dex: 15    Spells: 6/7 levels left

rFire    . . .     SeeInvis .   i - +0 short sword
rCold    . . .     Gourm    .   (no shield)
rNeg     . . .     Faith    .   g - +0 leather armour
rPois    .         Spirit   .   (no helmet)
rElec    .         Reflect  .   (no cloak)
rCorr    .         Harm     .   (no gloves)
MR       .....                  j - +0 pair of boots
Stlth    ++........             (no amulet)
HPRegen  0.05/turn              (no ring)
MPRegen  0.11/turn              (no ring)

@: lethally poisoned (0 -> -12)
A: no striking features
a: no special abilities


You were on level 2 of the Dungeon.
You were not hungry.

You visited 1 branch of the dungeon, and saw 2 of its levels.

You collected 65 gold pieces.

Inventory:

Hand Weapons
 i - a +0 short sword (weapon)
Armour
 a - a +0 robe
 e - a +0 robe
 g - a +0 leather armour (worn)
 j - a +0 pair of boots (worn)
Scrolls
 b - 5 scrolls of remove curse {unknown}
 d - a scroll of enchant weapon {unknown}
 h - a scroll of identify {unknown}
Potions
 f - a potion of mutation {unknown}
 k - a potion of heal wounds {unknown}
Comestibles
 c - 3 rations


   Skills:
 + Level 0.1 Fighting
 * Level 0.2 Short Blades
 + Level 2.5 Dodging
 + Level 2.4 Stealth
 + Level 3.2 Spellcasting
 + Level 4.8 Summonings


You had 6 spell levels left.
You knew the following spells:

 Your Spells              Type           Power        Failure   Level  Hunger
a - Summon Small Mammal   Summ           ###.         3%          1    None

Your spell library contained the following spells:

 Spells                   Type           Power        Failure   Level  Hunger
 Call Imp                 Summ           ###.....     5%          2    ##.....
 Call Canine Familiar     Summ           ###.....     11%         3    ###....
 Summon Guardian Golem    Hex/Summ       ##......     28%         3    ###....
 Summon Ice Beast         Ice/Summ       ##......     67%         4    ####...
 Summon Lightning Spire   Summ/Air       ##......     67%         4    ####...


Dungeon Overview and Level Annotations

Branches:
Dungeon (2/15)

Altars:


Message History

You closely miss the goblin.
The goblin is heavily wounded.
The goblin hits you but does no damage. The adder barely misses you.
You hit the goblin.
You kill the goblin!
The adder bites you. x2
You are poisoned.
The adder poisons you!
Your leather armour prevents you from hitting the adder.
You feel sick. The adder closely misses you. The adder bites you. x2
You are lethally poisoned!
The adder poisons you! The adder closely misses you.
You are too injured to fight recklessly!
Casting: Summon Small Mammal (safe; 3% risk of failure)
Confirm with . or Enter, or press ? or * to list all spells.
You feel sick. The adder closely misses you. The adder bites you.
* * * LOW HITPOINT WARNING * * *
You swap places.
The adder closely misses your rat. The adder barely misses you.
Your rat misses the adder.
You die...

####.#### #...<...#
#.#.#.### #.......#
#........
####.......####.......
#....#####...##.....#
####.##.# #.#.##.....##
#......(# #.#.........##
#.##.##.# #.####S.......
#.##.##.# #.!.@.r)..#
#.##.##.......#####S.#....
#.##.########.# ..# .
#.##.# ..# ..# #.##.# ####
..# #.##.# ... #.##.# ##..
...#.# .. .....#


You could see 2 adders and a friendly rat.

Vanquished Creatures
  A bat (D:1)
  2 goblins
  A hobgoblin (D:1)
  2 frilled lizards (D:1)
  2 kobolds (D:1)
  2 rats (D:1)
10 creatures vanquished.

Vanquished Creatures (collateral kills)
  A giant cockroach (D:1)
  4 bats (D:1)
  A kobold (D:1)
6 creatures vanquished.

Grand Total: 16 creatures vanquished

Notes
Turn   | Place    | Note
-------+----------+-------------------------------------------
     0 | D:1      | Jukra the Deep Elf Summoner began the quest for the Orb.
     0 | D:1      | Reached XP level 1. HP: 10/10 MP: 6/6
   354 | D:1      | Reached XP level 2. HP: 13/15 MP: 6/8
   685 | D:2      | Succumbed to an adder's poison

Action                   || total
-------------------------++-------
Melee: Hand axe          ||    14
       Short sword       ||    29
 Cast: Summon Small Mamm ||     7
 Stab: Sleeping          ||     1
Armor: Robe              ||     4
       Leather armour    ||    15
Dodge: Dodged            ||    51
